 Dungeon Crawl Stone Soup version 0.32-a0-131-g9dbbe29261 (webtiles) character file.

Game seed: 14779903867064993959

2 SageOfSlaughter the Apothecary (level 1, 0/15 HPs)
             Began as a Naga Alchemist on Feb 8, 2024.
             Slain by a jackal (2 damage)
             ... on level 1 of the Dungeon.
             The game lasted 00:00:19 (97 turns).

SageOfSlaughter the Apothecary (Naga Alchemist)       Turns: 97, Time: 00:00:20

Health: 0/15       AC:  1    Str: 10    XL:     1   Next: 30%
Magic:  0/3        EV:  9    Int: 15    God:
Gold:   10         SH:  0    Dex: 11    Spells: 3/4 levels left

rFire   . . .        (no weapon)
rCold   . . .        (no shield)
rNeg    . . .        a - +0 robe
rPois   +            (no helmet)
rElec   .            (no cloak)
rCorr   .            (no gloves)
SInv    +            (no barding)
Will    .....        (no amulet)
Stlth   ++           (no ring)
HPRegen 0.22/turn    (no ring)
MPRegen 0.08/turn

%: no passive effects
@: short of breath, very slow
A: AC +0, large, see invisible, deformed body, poison resistance, slowness 2,
spit poison 1, naga tail 1
a: Spit Poison


You were on level 1 of the Dungeon.
You visited 1 branch of the dungeon, and saw 1 of its levels.

You collected 10 gold pieces.

Inventory:

Armour
 a - a +0 robe (worn)
Scrolls
 c - 2 scrolls of noise {unknown}
Potions
 b - a potion of magic


   Skills:
 - Level 1.5 Dodging
 - Level 3.0 Stealth
 + Level 2.0 Spellcasting
 - Level 1.0 Conjurations
 + Level 3.7 Alchemy


You had 3 spell levels left.
You knew the following spells:

 Your Spells              Type           Power      Damage    Failure   Level
s - Sting                 Conj/Alch      32%        1d5       9%          1

Your spell library contained the following spells:

 Spells                   Type           Power      Damage    Failure   Level
 Mercury Vapours          Alch/Air       14%        N/A       16%         2
 Mephitic Cloud           Conj/Alch/Air  6%         N/A       34%         3
 Olgreb's Toxic Radiance  Alch           12%        N/A       43%         4
 Sticky Flame             Fire/Alch      7%         2d4       71%         4
 Summon Blazeheart Golem  Fire/Summ      1%         N/A       91%         4
 Orb of Destruction       Conj           2%         9d5       100%        7
 Spellforged Servitor     Conj/Summ      1%         N/A       100%        7


Dungeon Overview and Level Annotations

Branches:
Dungeon (1/15)

Altars:


Innate Abilities, Weirdness & Mutations

Your serpentine skin is tough. (AC +0)
You have supernaturally acute eyesight. (SInv)
Armour fits poorly on your strangely shaped body.
Your system is resistant to poisons. (rPois)
You cover ground very slowly.
You can spit poison.
You have a snake-like lower body.


Message History

🤖 Initializing initializr.rc ... ✅ xXxBLASTERCASTERxXx Welcome, SageOfSlaughter the Naga Alchemist.
The heart of this dungeon contains the transcendent artefact, the Orb of Zot.
Press ? for a list of commands and other information.
Found 10 gold pieces and a short sword.
Found a staircase leading out of the dungeon.
You now have 10 gold pieces.
You open the door.
There is an open door here.
Key pressed, stopping explore.
A kobold comes into view. It is wielding a +0 short sword.
Found a book of Dangerous Friends.
Found a stone staircase leading down.
The sting misses the kobold.
Unknown command.
The sting hits the kobold.
The kobold is poisoned.
You kill the kobold!
c - a scroll labelled NAELEK ICWOUPH You pick up a book of Dangerous Friends and begin reading...
You add the spells Summon Blazeheart Golem, Orb of Destruction and Spellforged Servitor to your library.
c - 2 scrolls labelled NAELEK ICWOUPH (gained 1)
A jackal comes into view.
The sting hits the jackal.
The jackal is poisoned.
The jackal barks!
You hear a bark! x3
The sting hits the jackal.
The jackal looks even sicker.
You kill the jackal!
A jackal comes into view.
The sting misses the jackal.
The jackal barks!
You are out of magic!
You closely miss the jackal.
A jackal comes into view.
The jackal barely misses you.
You closely miss the jackal. The jackal bites you. The jackal misses you.
You hit the jackal. The jackal bites you.
You are too injured to fight recklessly!
Aiming: Spit Poison (3% risk of failure)
Press: ? - help, Shift-Dir - straight line, f/p - jackal
Aim: a jackal (moderately wounded, 43% to hit)
The splash of poison misses the jackal.
The jackal closely misses you. The jackal bites you. x2
* * * LOW HITPOINT WARNING * * *
The jackal attacks as it pursues you! The jackal bites you.
* * * LOW HITPOINT WARNING * * *
The jackal attacks as it pursues you! The jackal bites you.
* * * LOW HITPOINT WARNING * * *
The jackal bites you.
You die...

... ♣♣♣ ♣ ♣P♣.♣ ##
.P♣.♣ #.. ..)P♣ #.#
..♣♣♣#....# #.# .♣♣
#....# #.###.# ♣♣
#.#..#########..?.. ♣
#.#......!.@h.†# ♣
#.#....#####h..#
#.#.).%......#.#
######.#.....####.#.#
#.................#.#
#.######..........#.#
...# #......>##.#.#
#..#
#.#........#.#####
#..#
#.#..............#


You could see 2 jackals.

Vanquished Creatures
  A jackal (D:1)
  A kobold (D:1)
2 creatures vanquished.

Notes
Turn   | Place    | Note
-------+----------+-------------------------------------------
     0 | D:1      | SageOfSlaughter the Naga Alchemist began the quest for the
                  | Orb.
     0 | D:1      | Reached XP level 1. HP: 15/15 MP: 3/3
    97 | D:1      | Slain by a jackal

Illustrated notes

Levels and vault maps discovered:
D:1:      psy_arrival_fountain, layout_basic,
          hellmonk_ecumenical_altar_prayer_group, serial_shops,
          nicolae_square_shop, chequers_serial_rivers_room_a

Action                     || total
---------------------------++-------
  Melee: Unarmed           ||     3
   Cast: Sting             ||     5
Ability: Spit Poison       ||     1
 Armour: Robe              ||     7
  Dodge: Dodged            ||     3

Table legend: (Time is in decaauts)
 A = Elapsed time spent in this place.
 B = Non-inter-level travel time spent in this place.
 C = Inter-level travel time spent in this place.
 D = Time resting spent in this place.
 E = Time spent auto-exploring this place.
 F = Levels seen in this place.
 G = Mean time per level.
                   A        B        C        D        E       F      G
               +--------+--------+--------+--------+--------+-----+--------+
         Total |    120 |    120 |      0 |      0 |    102 |   1 |  120.0 |
       Dungeon |    120 |    120 |      0 |      0 |    102 |   1 |  120.0 |
               +--------+--------+--------+--------+--------+-----+--------+

Top non-repeatable levels by time:
     D:1: 120 daAuts
